 Dungeon Crawl Stone Soup version 0.17-a0-1528-gfee3901 (webtiles) character file.

7987 wvc the Slicer (level 11, 0/67 HPs)
             Began as a Tengu Berserker on July 15, 2015.
             Was a High Priest of Trog.
             Slain by a slime creature (18 damage)
             ... on level 10 of the Dungeon.
             The game lasted 00:25:34 (9038 turns).

wvc the Slicer (Tengu Berserker)                    Turns: 9038, Time: 00:25:35

Health: 0/67       AC: 12    Str: 20    XL:     11   Next: 23%
Magic:  12/12      EV: 18    Int: 13    God:    Trog [*****.]
Gold:   549        SH:  0    Dex: 13    Spells: 0 memorised, 10 levels left

rFire  . . .     SeeInvis .     i - +3 dagger (elec)
rCold  + . .     Rnd*Rage +     K - +1 leather armour {rC+}
rNeg   . . .     SustAt   .     (no shield)
rPois  +         Gourm    .     (helmet restricted)
rElec  +         Spirit   .     x - +2 cloak {rPois}
rCorr  .         Warding  .     u - +1 pair of gloves
rMut   .         Stasis   .     (boots unavailable)
MR     ++...                    w - amulet of regeneration
Stlth  +.........               (no ring)
                                k - +2 ring of protection

@: regenerating, very resistant to hostile enchantments, very unstealthy
A: beak, talons 3, repulsion field 1, berserk 1, clever 1, electricity
resistance, slow healing 1, strong 1, able to fly 1
a: Fly, Burn Spellbooks, Berserk, Trog's Hand, Brothers in Arms, Renounce
Religion


You were on level 10 of the Dungeon.
You worshipped Trog.
Trog was extremely pleased with you.
You were hungry.

You visited 1 branch of the dungeon, and saw 10 of its levels.
You also visited: Sewer.

You collected 549 gold pieces.

Inventory:

Hand weapons
 a - a +0 spear
 d - a +1 short sword of venom
 e - a +0 blowgun
 i - a +3 dagger of electrocution (weapon)
 F - the +6 glaive "Iloon" {antimagic, *Noise Int+5 Dex+5}
   (You found it on level 7 of the Dungeon)

   It disrupts the flow of magical energy around spellcasters and certain
   magical creatures (including the wielder).
   It affects your intelligence (+5).
   It affects your dexterity (+5).
   It may make noises in combat.
Missiles
 z - 22 poisoned needles
Armour
 u - a +1 pair of gloves (worn)
 x - a +2 cloak of poison resistance (worn)
 H - a +2 ring mail of poison resistance
 K - a +1 leather armour of cold resistance (worn)
Jewellery
 h - an uncursed amulet of warding
 k - a +2 ring of protection (left hand)
 n - the amulet "Xealul" {+Rage rF- MR+ Int+2}
   (You found it on level 10 of the Dungeon)

   [amulet of rage]

   It affects your intelligence (+2).
   It makes you vulnerable to fire.
   It affects your resistance to hostile enchantments.
   It lets you go berserk.
 w - an amulet of regeneration (around neck)
 D - an uncursed amulet of faith {unknown}
 I - an uncursed ring of ice
Magical devices
 s - a wand of lightning (7)
Scrolls
 j - 6 scrolls of remove curse
 o - 8 scrolls of teleportation
 r - 2 scrolls of recharging
 y - a scroll of immolation
 G - a scroll of enchant armour
Potions
 b - a potion of haste
 f - 2 potions of ambrosia
 g - 3 potions of curing
 l - 4 potions of flight
 m - 2 potions of might
 q - a potion of cancellation
 t - 2 potions of brilliance {unknown}
 v - a potion of lignification {unknown}
 B - 3 potions of heal wounds {unknown}
 C - 2 potions of invisibility
Books
 A - a book of Debilitation

   Spells                             Type                      Level
   a - Corona                         Hexes                        1
   b - Slow                           Hexes                        2
   c - Gell's Gravitas                Hexes/Translocation          3
   d - Inner Flame                    Hexes/Fire                   3
   e - Cause Fear                     Hexes                        4
   f - Leda's Liquefaction            Hexes/Earth                  4
   Trog disapproves of the use of such an item.
 E - a book of the Tempests

   Spells                             Type                      Level
   a - Static Discharge               Conjuration/Air              3
   b - Lightning Bolt                 Conjuration/Air              5
   c - Fireball                       Conjuration/Fire             5
   d - Tornado                        Air                          9
   e - Shatter                        Earth                        9
   Trog disapproves of the use of such an item.
Comestibles
 c - 6 bread rations
 p - a meat ration
 J - 4 chunks of flesh


   Skills:
 * Level 7.1 Fighting
 - Level 12.6 Short Blades
 + Level 4.7 Polearms
 * Level 6.6 Armour
 * Level 9.1 Dodging


You had 10 spell levels left.
You didn't know any spells.

Dungeon Overview and Level Annotations

Branches:
Dungeon (10/15)            Temple (0/1) D:7            Lair (0/8) D:10
    Orc: D:9-12

Altars:
Ashenzari
Cheibriados
Dithmenos
Kikubaaqudgha
Makhleb
Nemelex Xobeh
Okawaru
Ru
Sif Muna
Xom
Zin
The Shining One
Lugonu


Innate Abilities, Weirdness & Mutations

You have a beak for a mouth.
You have claws for feet.
You can fly.
You are surrounded by a mild repulsion field (EV +2).
You tend to lose your temper in combat.
Your mind is acute. (Int +2)
You are resistant to electric shocks.
You heal slowly when monsters are visible.
Your muscles are strong. (Str +2)


Message History

You are too injured to fight recklessly!
You are too injured to fight recklessly!
You are too injured to fight recklessly!
You are too injured to fight recklessly!
You are too injured to fight recklessly!
You are too injured to fight recklessly!
You barely miss the slime creature.
The slime creature is almost dead.
Some of the chunks of flesh in your inventory have rotted away.
You hit the slime creature. You peck the slime creature.
You kill the slime creature!
Trog accepts your kill. The slime creature misses you.
You hit the slime creature.
The slime creature is lightly wounded.
You hit the slime creature.
There is a sudden explosion of sparks!
You claw the slime creature.
The slime creature is heavily wounded.
The slime creature hits you!!
You die...

#### #..# #..#
########..# .
..........# ..
#######...###########...
#.................
#.................
#.........@.......
#.#######.J%......
#######.# #.######..
........# #.# .
........# #.# ........
#.# ........ #.#
.....>.. #.# ....... ..#


You could see a slime creature.

Vanquished Creatures
  A hill giant (D:10)
  A centaur zombie (D:10)
  3 kobold demonologists (D:10)
  A troll (D:10)
  5 slime creatures (D:10)
  A boulder beetle (D:8)
  2 hippogriffs
  A hungry ghost (D:9)
  A water moccasin (D:4)
  Duvessa (D:7)
  4 black bears
  4 orc warriors
  4 phantoms
  3 ice beasts
  2 sky beasts
  5 ogres
  2 centaurs
  A big kobold (D:9)
  A crocodile (D:10)
  2 giant frogs
  Dowan (D:7)
  3 killer bees (D:7)
  5 scorpions
  4 orc priests
  A quasit (D:6)
  A giant frog zombie (D:8)
  2 jellies
  A giant frog skeleton (D:5)
  6 hounds
  Ijyb (D:2)
  6 orc wizards
  2 centaur skeletons
  6 worker ants
  A siren (Sewer)
  A merfolk avatar (Sewer)
  A worker ant zombie (D:8)
  19 adders
  9 gnolls
  8 river rats
  2 shadow imps
  An ooze (D:2)
  3 worms
  An adder skeleton (D:8)
  8 giant geckos
  31 orcs
  A bat skeleton (D:5)
  3 bat zombies
  8 giant cockroaches
  11 goblins
  18 hobgoblins
  10 jackals
  3 quokkas
  6 ball pythons
  21 bats
  10 giant newts
  14 kobolds
  33 rats
307 creatures vanquished.

Vanquished Creatures (collateral kills)
  An orc (D:6)
1 creature vanquished.

Vanquished Creatures (others)
  4 plants (D:3)
4 creatures vanquished.

Grand Total: 312 creatures vanquished

Notes
Turn   | Place    | Note
--------------------------------------------------------------
     0 | D:1      | wvc the Tengu Berserker began the quest for the Orb.
     0 | D:1      | Reached XP level 1. HP: 14/14 MP: 2/2
   109 | D:1      | Reached skill level 1 in Short Blades
   113 | D:1      | Reached XP level 2. HP: 17/19 MP: 3/3
   449 | D:1      | Acquired Trog's second power
   449 | D:1      | Reached XP level 3. HP: 23/23 MP: 4/4
   704 | D:2      | Found an ancient bone altar of Kikubaaqudgha.
   709 | D:2      | Noticed Ijyb
   718 | D:2      | Killed Ijyb
   718 | D:2      | Reached XP level 4. HP: 24/28 MP: 5/5
   927 | D:2      | Reached skill level 4 in Short Blades
  1005 | D:2      | Found a faded altar to an unknown god.
  1485 | D:3      | Gained mutation: You can fly. [Tengu growth]
  1485 | D:3      | Reached XP level 5. HP: 25/32 MP: 6/6
  1620 | D:3      | Reached skill level 5 in Short Blades
  1659 | D:3      | Found a shimmering altar of Xom.
  1660 | D:3      | Found a shimmering altar of Xom.
  1660 | D:3      | Found a shimmering altar of Xom.
  1660 | D:3      | Found a shimmering altar of Xom.
  1661 | D:3      | Found a shimmering altar of Xom.
  1661 | D:3      | Found a shimmering altar of Xom.
  1691 | D:3      | Noticed an ogre
  1711 | D:3      | Found a deep blue altar of Sif Muna.
  1711 | D:3      | Found a sacrificial altar of Ru.
  2242 | D:3      | Killed an ogre
  2242 | D:3      | Reached skill level 6 in Short Blades
  2242 | D:3      | Reached XP level 6. HP: 37/37 MP: 7/7
  2576 | D:4      | Found a shattered altar of Ashenzari.
  3070 | D:4      | Reached skill level 7 in Short Blades
  3163 | D:4      | Reached XP level 7. HP: 12/41 MP: 8/8
  3685 | D:4      | Noticed a water moccasin
  3699 | D:4      | Killed a water moccasin
  3699 | D:4      | Reached skill level 8 in Short Blades
  4226 | D:5      | Entered Level 5 of the Dungeon
  4457 | D:5      | Acquired Trog's third power
  4457 | D:5      | Reached skill level 9 in Short Blades
  4505 | D:5      | Found a glowing drain.
  4509 | Sewer    | Entered a sewer
  4542 | Sewer    | Reached XP level 8. HP: 46/46 MP: 9/9
  4834 | Sewer    | Noticed a drowned soul
  4837 | Sewer    | Noticed a drowned soul
  4837 | Sewer    | Killed a drowned soul
  4838 | Sewer    | Noticed a drowned soul
  4841 | Sewer    | Noticed a drowned soul
  4843 | Sewer    | Killed a drowned soul
  4843 | Sewer    | Killed a drowned soul
  4845 | Sewer    | Noticed a drowned soul
  5044 | D:5      | Identified a scroll of acquirement
  5129 | D:5      | Found a burning altar of Makhleb.
  5168 | D:5      | Reached skill level 10 in Short Blades
  5257 | D:5      | Got a distressingly furry chain mail
  5268 | D:5      | Identified the +1 chain mail of Impressiveness {rPois} (You found it on level 5 of the Dungeon)
  5400 | D:5      | Found a glowing golden altar of the Shining One.
  5401 | D:5      | Found a glowing silver altar of Zin.
  5734 | D:6      | Reached skill level 11 in Short Blades
  6203 | D:6      | Reached XP level 9. HP: 50/50 MP: 10/10
  6411 | D:7      | You fall through a shaft!
  6438 | D:8      | Reached skill level 12 in Short Blades
  6677 | D:7      | Received a gift from Trog
  6718 | D:7      | Found a staircase to the Ecumenical Temple.
  6745 | D:7      | Got an encrusted glaive
  6746 | D:7      | Identified the +6 glaive "Iloon" {antimagic, *Noise Int+5 Dex+5} (You found it on level 7 of the Dungeon)
  6837 | D:7      | Noticed Dowan
  6872 | D:7      | Noticed Duvessa
  6881 | D:7      | Killed Duvessa
  6887 | D:7      | Killed Dowan
  7558 | D:8      | Found a shadowy altar of Dithmenos.
  7573 | D:8      | Reached skill level 5 in Dodging
  7646 | D:8      | Reached XP level 10. HP: 35/57 MP: 11/11
  7841 | D:9      | Found a sparkling altar of Nemelex Xobeh.
  7843 | D:9      | Found an iron altar of Okawaru.
  7844 | D:9      | Found a snail-covered altar of Cheibriados.
  7884 | D:9      | Gained mutation: Your muscles are strong. (Str +2) [mutagenic meat]
  7885 | D:9      | Gained mutation: You are resistant to electric shocks. [mutagenic meat]
  7886 | D:9      | Gained mutation: You are surrounded by a mild repulsion field (EV +2). [mutagenic meat]
  7887 | D:9      | Gained mutation: You heal slowly when monsters are visible. [mutagenic meat]
  7888 | D:9      | Gained mutation: You tend to lose your temper in combat. [mutagenic meat]
  7889 | D:9      | Gained mutation: Your mind is acute. (Int +2) [mutagenic meat]
  8009 | D:9      | Reached skill level 5 in Fighting
  8168 | D:9      | Reached skill level 5 in Armour
  8311 | D:10     | Entered Level 10 of the Dungeon
  8341 | D:10     | Found a corrupted altar of Lugonu.
  8578 | D:10     | Noticed a hill giant
  8588 | D:10     | Killed a hill giant
  8688 | D:10     | Received a gift from Trog
  8704 | D:10     | Got a slimy ruby amulet
  8706 | D:10     | Identified the amulet "Xealul" {+Rage rF- MR+ Int+2} (You found it on level 10 of the Dungeon)
  8730 | D:10     | Reached XP level 11. HP: 66/66 MP: 4/12
  8760 | D:10     | Found a staircase to the Lair.
  9038 | D:10     | Slain by a slime creature

Vault maps used:
D:1:      lightli_arrival_boilingwater
D:2:      kiku_gazebo_garden_becter, ecumenical_altar_2, uniq_iyjb
D:3:      wad_woods_tower, xom_redecorated, minitemple, first_bread
D:4:      lemuel_doored_altar
D:5:      gammafunk_temple_overflow_statue, gup_sewer_entry_bowl,
          makhleb_heckhound_becter
D:7:      minmay_temple_entry_large_hall, uniq_duvessa
D:8:      boulder_indie, kennysheep_little_box
D:9:      gammafunk_temple_overflow_forgotten
D:10:     kennysheep_kobold_lugonu_temple, lair_0_dummy, david_orc_4
Sewer:    sewer_sea

Action                   |  1- 3 |  4- 6 |  7- 9 | 10-12 || total
-------------------------+-------+-------+-------+-------++-------
Melee: Short sword       |    49 |   170 |   567 |   172 ||   958
       Spear             |     4 |       |       |       ||     4
       Glaive            |       |       |    55 |    19 ||    74
       Dagger            |       |       |       |   133 ||   133
Invok: Berserk           |       |       |     2 |     3 ||     5
       Trog's Hand       |       |       |     2 |     3 ||     5
 Abil: Fly               |       |       |     1 |       ||     1
  Use: Scroll            |     1 |     9 |    10 |     5 ||    25
       Potion            |       |       |     1 |       ||     1
 Stab: Sleeping          |     1 |       |     1 |       ||     2
       Distracted        |       |       |     1 |       ||     1
  Eat: Pizza             |       |     3 |       |       ||     3
       Meat ration       |       |     1 |     2 |     1 ||     4
       Chunk             |       |     1 |     4 |    11 ||    16
       Fruit             |       |       |     2 |       ||     2
       Beef jerky        |       |       |       |     1 ||     1
